 Dungeon Crawl Stone Soup version 0.29.1-1-gd02db6906a (webtiles) character file.

Game seed: 17969506520348352198

107947 Ijustatesigmund the Warrior (level 16, 0/114 HPs)
             Began as a Gargoyle Fighter on Sept 23, 2022.
             Was a High Priest of Okawaru.
             Slain by an orc knight
             ... wielding a +0 war axe
              (28 damage)
             ... on level 2 of the Orcish Mines.
             The game lasted 01:05:09 (29655 turns).

Ijustatesigmund the Warrior (Gargoyle Fighter)     Turns: 29655, Time: 01:05:09

Health: 0/114      AC: 57    Str: 29    XL:     16   Next: 48%
Magic:  28/28      EV: 15    Int: 11    God:    Okawaru [*****.]
Gold:   1771       SH:  6    Dex:  9    Spells: 15/15 levels left

rFire   . . .      SeeInvis .   P - +3 demon whip (pain)
rCold   + . .      Faith    .   c - +1 buckler
rNeg    + . .      Spirit   .   W - +8 orange crystal plate armour {Archmagi, Int+3 Clar}
rPois   ∞          Reflect  .   l - +1 helmet
rElec   +          Harm     .   k - +2 cloak {rC+}
rCorr   .          Rampage  .   e - +1 pair of gloves
Will    +....      Archmagi +   Y - +1 pair of boots {Stlth+}
Stlth   .......... Clarity  +   L - amulet of the acrobat
HPRegen 0.29/turn               q - +4 ring of protection
MPRegen 0.21/turn               s - ring of the Hare {EV+8}

@: flying, studying 3 skills
A: sickness immunity, AC +12, big wings, negative energy resistance 1,
electricity resistance, torment resistance 1, petrification resistance
a: Renounce Religion, Heroism, Finesse, Duel


You were on level 2 of the Orcish Mines.
You worshipped Okawaru.
Okawaru was extremely pleased with you.
You visited 3 branches of the dungeon, and saw 22 of its levels.
You also visited: Trove and Ice Cave.

You collected 2177 gold pieces.
You spent 406 gold pieces at shops.

Inventory:

Hand Weapons
 M - the +5 flail of the Gibberer {vamp, *Noise rC+ rCorr Str+2}
   (You found it on level 13 of the Dungeon)

   It occasionally heals its wielder for a portion of the damage dealt when it
   wounds a living foe.
   Str:       It affects your strength (+2).
   rC:        It protects you from cold.
   *Noise:    It may make noises in combat.
   rCorr:     It protects you from acid and corrosion.
 P - a +3 demon whip of pain (weapon)
 X - a +3 morningstar of holy wrath
Missiles
 h - 2 throwing nets (quivered)
 E - 10 silver javelins
 H - 3 datura-tipped darts
Armour
 c - a +1 buckler (worn)
 e - a +1 pair of gloves (worn)
 f - a +2 cloak of willpower
 k - a +2 cloak of cold resistance (worn)
 l - a +1 helmet (worn)
 W - the +8 orange crystal plate armour (worn) {Archmagi, Int+3 Clar}
   (You found it in a treasure trove)

   Int:       It affects your intelligence (+3).
   Clar:      It protects you against confusion.
 Y - a +1 pair of boots of stealth (worn)
Jewellery
 q - a +4 ring of protection (left hand)
 s - the ring of the Hare (right hand) {EV+8}
   (You found it in a treasure trove)

   [ring of evasion]

   EV:        It affects your evasion (+8).
 x - a ring of positive energy
 A - the ring "Goda" {rC+ Int+4 SInv}
   (You found it in a treasure trove)

   [ring of see invisible]

   Int:       It affects your intelligence (+4).
   rC:        It protects you from cold.
   SInv:      It lets you see invisible.
 F - a ring of positive energy
 L - an amulet of the acrobat (around neck)
 Z - the ring "Nerac" {Wiz Str+4}
   (You found it in a treasure trove)

   [ring of wizardry]

   It improves your spell success rate.
   Str:       It affects your strength (+4).
Wands
 a - a wand of digging (5)
 D - a wand of iceblast (4)
 G - a wand of paralysis (5)
 I - a wand of mindburst (10)
 J - a wand of flame (2)
 N - a wand of polymorph (4)
 R - a wand of acid (3)
Scrolls
 b - 2 scrolls of identify
 m - 3 scrolls of poison
 n - 4 scrolls of amnesia
 o - 2 scrolls of vulnerability
 r - 2 scrolls of immolation
 t - a scroll of enchant armour
 v - 5 scrolls of teleportation
 U - 2 scrolls of magic mapping
Potions
 d - 2 potions of attraction
 g - 2 potions of heal wounds
 i - 8 potions of lignification
 j - 4 potions of brilliance
 p - 2 potions of flight
 u - a potion of cancellation
 w - 6 potions of magic
 B - 9 potions of curing
 C - 2 potions of mutation
 K - a potion of haste
 O - 7 potions of ambrosia
 Q - 3 potions of might
 T - 2 potions of resistance


   Skills:
 + Level 18.0 Fighting
 - Level 13.3 Maces & Flails
 + Level 12.9 Armour
 - Level 4.7 Dodging
 - Level 5.9 Shields
 + Level 17.1 Invocations
 + Level 9.3 Evocations


You had 15 spell levels left.
You didn't know any spells.
Your spell library contained the following spells:

 Spells                   Type           Power      Damage    Failure   Level
 Apportation              Tloc           0%         N/A       100%        1
 Beastly Appendage        Tmut           0%         N/A       100%        1
 Freeze                   Ice            0%         1d3       100%        1
 Necrotise                Necr           0%         1d4       100%        1
 Scorch                   Fire           0%         2d5       100%        2
 Wereblood                Tmut           0%         N/A       100%        2
 Dazzling Flash           Conj/Hex       0%         N/A       100%        3
 Frozen Ramparts          Ice            0%         1d1       100%        3
 Ozocubu's Armour         Ice            0%         N/A       100%        3
 Portal Projectile        Hex/Tloc       0%         N/A       100%        3
 Spider Form              Tmut/Pois      0%         N/A       100%        3
 Vampiric Draining        Necr           0%         2d6       100%        3
 Airstrike                Air            0%         2d(0-16)  100%        4
 Flame Wave               Conj/Fire      0%         2d4       100%        4
 Hailstorm                Conj/Ice       0%         3d3       100%        4
 Iskenderun's Mystic Bla  Conj/Tloc      0%         2d3       100%        4
 Leda's Liquefaction      Hex/Erth       0%         N/A       100%        4
 Passage of Golubria      Tloc           0%         N/A       100%        4
 Petrify                  Tmut/Erth      0%         N/A       100%        4
 Blade Hands              Tmut           0%         N/A       100%        5
 Irradiate                Conj/Tmut      0%         3d11      100%        5
 Iskenderun's Battlesphe  Conj           0%         2d6       100%        5
 Lightning Bolt           Conj/Air       0%         1d11      100%        5
 Metabolic Englaciation   Hex/Ice        0%         N/A       100%        5
 Conjure Ball Lightning   Conj/Air       0%         3x3d6     100%        6
 Iron Shot                Conj/Erth      0%         9d1       100%        6
 Starburst                Conj/Fire      0%         6d3       100%        6
 Discord                  Hex            0%         N/A       100%        8
 Disjunction              Tloc           0%         N/A       100%        8
 Summon Small Mammal      Summ           Unusable   N/A       N/A         1
 Sublimation of Blood     Necr           Unusable   N/A       N/A         2
 Call Canine Familiar     Summ           Unusable   N/A       N/A         3
 Summon Guardian Golem    Hex/Summ       Unusable   N/A       N/A         3
 Tukima's Dance           Hex            Unusable   N/A       N/A         3
 Summon Lightning Spire   Summ/Air       Unusable   N/A       N/A         4
 Simulacrum               Ice/Necr       Unusable   N/A       N/A         6
 Summon Cactus Giant      Summ           Unusable   N/A       N/A         6
 Haunt                    Necr/Summ      Unusable   N/A       N/A         7

Dungeon Overview and Level Annotations

Branches:
Dungeon (15/15)            Temple (0/1) D:4            Lair (5/5) D:9
  Swamp (0/4) Lair:2        Snake (0/4) Lair:3        Slime (0/5) Lair:5
    Orc (2/2) D:11            Elf (0/3) Orc:2        Vaults (0/5) D:13
 Depths (0/4) D:15          IceCv (visited)

Altars:
Fedhas
Makhleb
Okawaru
Ru
Trog
Vehumet
Xom
Zin

Shops:
D:5 *   Orc:2 [:*!

Portals:
Pandemonium: Orc:2

Annotations:
D:10 exclusions: oklob plant and oklob sapling
Lair:5 2 transporters, sm0rk's ghost, journeyman HOGl


Innate Abilities, Weirdness & Mutations

You are immune to sickness and miasma.
Your stone body is resilient. (AC +12)
You are immune to poison.
Your large and strong wings let you fly.
You resist negative energy. (rN+)
You are resistant to electric shocks. (rElec)
You are resistant to unholy torment.
You are immune to petrification.


Message History

The orc priest hits you but does no damage.
The orc knight hits you with a +0 war axe!
The orc sorcerer points at you and mumbles some strange words.
You shrug off the repeated paralysis!
The orc knight hits you with a +0 battleaxe!
The orc priest hits you with a +0 dagger.
The orc knight roars a battlecry!
The orc warrior goes into a battle-frenzy!
The orc sorcerer hits you but does no damage.
The orc knight hits you but does no damage.
The orc priest hits you but does no damage.
You can move again.
You thrash the orc sorcerer!!
The orc sorcerer is severely wounded.
You hit the orc sorcerer.
The orc sorcerer is almost dead.
The orc priest no longer looks unusually strong.
You block the orc knight's attack. You block the orc sorcerer's attack.
The orc knight closely misses you.
The orc priest hits you but does no damage.
You completely miss the orc sorcerer.
The orc sorcerer is almost dead.
The orc knight roars a battlecry!
The orc priest goes into a battle-frenzy!
The orc sorcerer closely misses you.
The orc knight hits you but does no damage.
You whack the orc sorcerer!
You kill the orc sorcerer!
Okawaru accepts your kill.
You hit the orc knight but do no damage.
The orc knight is severely wounded.
The orc knight hits you with a +0 war axe!!
* * * LOW HITPOINT WARNING * * *
The orc knight hits you but does no damage.
You whack the orc knight!
The orc knight is almost dead.
You closely miss the orc knight.
The orc knight is almost dead.
The orc knight hits you with a +0 war axe!!
You die...

#.#.### ##..## #....# ####).##
....### ##.###..## ......##
##...###..## .......#
##.#[#.###..## ....#..##
##...#..[###).## ....#...#
##...###...###[)## ........##
##.o)## ##...###))# ....#....##
#o@.##.. ##[).[)[[. .....#....#
##.oo##.. ##...#[..
#........####.#.##..### .##....#.
#.......####.......##.o#o.##.....
........###.....#4 #∩4o.oo.##..#.
.........###....4 ##.o#o.##.[...
..........###.#.## ### o##....#.
...........###).o## ##[..#...
............###o..## ##...)....


You could see 2 orc knights, an orc warrior (strong) and an orc priest (strong).

Vanquished Creatures
  Jorgrun (Arena)
  Gastronok (D:8)
  2 frost giants (IceCv)
  An orc warlord (Arena)
  A white draconian (IceCv)
  Harold (D:10)
  Erolcha (D:11)
  3 boulder beetles
  An ice dragon (Lair:2)
  5 ironbound frosthearts (IceCv)
  An ogre mage (D:15)
  9 hydras
  3 catoblepae (Lair:5)
  A centaur warrior (D:13)
  5 two-headed ogres
  2 dancing weapons (D:13)
  7 death yaks (Lair:5)
  2 tengu warriors
  The ghost of pzskc383 the Cleaver, a journeyman GrFi of Okawaru (Lair:2)
  4 orc high priests
  Urug (Lair:5)
  Sonja (Lair:5)
  A sun demon (Orc:2)
  A sixfirhy (Orc:2)
  An orange crystal statue (IceCv)
  A deep elf archer (D:13)
  3 orc knights
  A lindwurm (Lair:4)
  3 deep elf zephyrmancers
  3 deep elf pyromancers
  3 orc sorcerers
  19 ugly things
  2 manticores (Lair:5)
  An oklob plant (Lair:5)
  A cyclops (D:12)
  10 elephants
  Joseph (D:7)
  4 black mambas
  A guardian serpent (D:13)
  6 cane toads
  2 unseen horrors
  27 rime drakes
  4 kobold demonologists (D:9)
  A tengu conjurer (D:12)
  A hellwing (Orc:2)
  9 komodo dragons
  A queen bee (Lair:3)
  6 trolls
  13 polar bears
  12 blink frogs
  A slime creature (D:14)
  Sigmund (D:5)
  7 dream sheep
  A centaur simulacrum (D:10)
  A shadow (D:13)
  A vampire (D:11)
  2 wyverns
  4 wraiths
  69 yaks
  4 basilisks
  A neqoxec (Orc:2)
  A swamp worm (Lair:2)
  18 vampire mosquitoes
  4 wargs
  An acid dragon (D:12)
  21 water moccasins
  Duvessa (D:7)
  35 orc warriors
  An ice beast (D:6)
  A sky beast (D:7)
  A black mamba simulacrum (Lair:2)
  5 black bears
  4 ogres
  A centaur (D:8)
  64 wolves
  5 kobold brigands
  10 bullfrogs
  4 necrophages
  A cane toad simulacrum (Lair:2)
  5 scorpions
  Dowan (D:7)
  32 killer bees
  2 electric eels (D:10)
  3 hounds
  2 jellies
  A water moccasin simulacrum (Lair:2)
  20 orc priests
  2 iguanas (D:5)
  16 orc wizards
  2 yak simulacra (Lair:2)
  A basilisk simulacrum (Lair:2)
  Robin (D:2)
  8 adders
  2 white imps
  2 ufetubi
  3 dart slugs
  98 orcs
  8 endoplasms
  12 giant cockroaches
  14 goblins
  9 hobgoblins
  14 jackals
  21 kobolds
  4 quokkas
  14 ball pythons
  8 bats
  2 frilled lizards
  4 rats
773 creatures vanquished.

Vanquished Creatures (others)
  A deep elf knight (D:13)
  A white imp (D:10)
  2 bushes
  38 fungi
  46 plants
88 creatures vanquished.

Grand Total: 861 creatures vanquished

Notes
Turn   | Place    | Note
-------+----------+-------------------------------------------
     0 | D:1      | Ijustatesigmund the Gargoyle Fighter began the quest for
                  | the Orb.
     0 | D:1      | Reached XP level 1. HP: 14/14 MP: 1/1
    92 | D:1      | Reached XP level 2. HP: 18/19 MP: 2/2
    98 | D:1      | Found a faded altar of an unknown god.
   495 | D:1      | Reached XP level 3. HP: 21/24 MP: 3/3
   543 | D:1      | Reached skill level 4 in Fighting
   833 | D:2      | Identified a scroll of acquirement
   833 | D:2      | Acquired a +2 cloak of willpower
   926 | D:2      | Reached XP level 4. HP: 24/30 MP: 4/4
  1016 | D:2      | Found a sacrificial altar of Ru.
  1453 | D:3      | Noticed Robin
  1462 | D:2      | Killed Robin
  1615 | D:3      | Reached XP level 5. HP: 31/34 MP: 5/5
  1754 | D:3      | Found a shimmering altar of Xom.
  1888 | D:3      | Reached skill level 5 in Fighting
  1962 | D:3      | Found a bloodstained altar of Trog.
  1962 | D:3      | Found an iron altar of Okawaru.
  1978 | D:3      | Became a worshipper of Warmaster Okawaru
  2767 | D:4      | Found a staircase to the Ecumenical Temple.
  2803 | D:4      | Reached skill level 1 in Invocations
  2856 | D:4      | Reached XP level 6. HP: 28/40 MP: 7/7
  3502 | D:5      | Entered Level 5 of the Dungeon
  3597 | D:5      | Found Wusumib's Gadget Gallery.
  3716 | D:5      | Reached * piety under Okawaru
  3717 | D:5      | Reached XP level 7. HP: 34/45 MP: 6/8
  3850 | D:5      | Noticed Sigmund
  3869 | D:5      | Killed Sigmund
  3870 | D:5      | Reached skill level 6 in Fighting
  3870 | D:5      | Reached skill level 5 in Maces & Flails
  4171 | D:5      | Reached skill level 5 in Armour
  4647 | D:5      | Reached XP level 8. HP: 50/52 MP: 10/10
  5129 | D:6      | Found a blossoming altar of Fedhas.
  5451 | D:6      | Found a burning altar of Makhleb.
  6047 | D:6      | Found a glowing silver altar of Zin.
  6242 | D:7      | Reached skill level 7 in Fighting
  6332 | D:7      | Reached skill level 5 in Invocations
  6485 | D:7      | Got Sif Muna's Spellbook of Despicable Rituals and
                  | Dislocation
  6512 | D:7      | Noticed Joseph
  6529 | D:7      | Killed Joseph
  6529 | D:7      | Reached ** piety under Okawaru
  6530 | D:7      | Reached XP level 9. HP: 32/57 MP: 5/13
  6679 | D:7      | Reached skill level 5 in Shields
  6752 | D:7      | Noticed Duvessa
  6769 | D:7      | Killed Duvessa
  6770 | D:7      | Reached skill level 8 in Fighting
  6774 | D:7      | Noticed Dowan
  6878 | D:7      | Reached *** piety under Okawaru
  7117 | D:7      | Killed Dowan
  7482 | D:8      | Found a radiant altar of Vehumet.
  7513 | D:8      | Identified the +7 chain mail of Snakes and Ladders {rPois
                  | MP+9 Int+5 Stlth+}
  7747 | D:8      | Reached XP level 10. HP: 65/65 MP: 15/15
  7764 | D:8      | Reached **** piety under Okawaru
  7765 | D:8      | Reached skill level 9 in Fighting
  7804 | D:8      | Noticed Gastronok
  7823 | D:8      | Killed Gastronok
  8363 | D:9      | Noticed a white ugly thing
  8385 | D:9      | Reached ***** piety under Okawaru
  8404 | D:9      | Killed a white ugly thing
  8422 | D:9      | Reached skill level 10 in Fighting
  8511 | D:9      | Reached XP level 11. HP: 62/72 MP: 17/17
  8555 | D:9      | Found a staircase to the Lair.
  9129 | D:9      | Noticed a sixfirhy
  9134 | D:9      | Noticed a sixfirhy
  9150 | D:9      | Noticed a soul eater
  9167 | D:9      | Noticed a soul eater
  9179 | D:9      | Received a gift from Okawaru
  9197 | D:9      | Reached skill level 1 in Dodging
 10044 | D:10     | Entered Level 10 of the Dungeon
 10297 | D:10     | Identified the +8 scale mail of the Komodo Dragon {rPois}
 10306 | D:10     | Noticed Harold
 10366 | D:10     | Killed Harold
 10366 | D:10     | Identified the +0 cloak of the Grue {rPois rC+ Dex-5}
                  | (Okawaru gifted it to you on level 10 of the Dungeon)
 10366 | D:10     | Received a gift from Okawaru
 10432 | D:10     | Reached skill level 11 in Fighting
 11210 | D:10     | Noticed an oklob plant
 11349 | D:10     | Reached skill level 10 in Maces & Flails
 11698 | D:11     | Noticed a boulder beetle
 11710 | D:11     | Noticed a red ugly thing
 11726 | D:11     | Killed a red ugly thing
 11727 | D:11     | Reached skill level 10 in Invocations
 11727 | D:11     | Reached XP level 12. HP: 38/80 MP: 19/19
 11745 | D:11     | Killed a boulder beetle
 12086 | D:11     | Found a staircase to the Orcish Mines.
 12086 | D:11     | Noticed Erolcha
 12100 | D:11     | Killed Erolcha
 12382 | D:11     | Noticed a two-headed ogre
 12390 | D:11     | Killed a two-headed ogre
 12878 | D:12     | Noticed a boulder beetle
 12916 | D:12     | Killed a boulder beetle
 13080 | D:12     | Noticed a seven-headed hydra
 13090 | D:12     | Killed a seven-headed hydra
 13244 | D:12     | Noticed a boulder beetle
 13814 | D:12     | Found a portal to a secret trove of treasure.
 13855 | D:12     | Killed a boulder beetle
 14070 | D:12     | Reached skill level 1 in Evocations
 14767 | D:12     | Reached skill level 12 in Fighting
 15054 | D:13     | Noticed a tengu warrior
 15078 | D:12     | Killed a tengu warrior
 15078 | D:12     | Identified the +5 scale mail of Weif {Fly rN++ Regen+
                  | Slay-5} (Okawaru gifted it to you on level 12 of the
                  | Dungeon)
 15078 | D:12     | Received a gift from Okawaru
 15177 | D:13     | Reached ****** piety under Okawaru
 15193 | D:13     | Reached XP level 13. HP: 41/86 MP: 21/21
 15487 | D:13     | Found a gate to the Vaults.
 15684 | D:13     | Identified the +5 flail of the Gibberer {vamp, *Noise rC+
                  | rCorr Str+2}
 15784 | Arena    | Entered the Arena
 16356 | D:13     | Reached skill level 13 in Fighting
 16525 | D:13     | You fall into a shaft and drop 2 floors!
 16525 | D:15     | Entered Level 15 of the Dungeon
 16532 | D:15     | Found a frozen archway.
 16541 | IceCv    | Entered an ice cave
 16618 | IceCv    | Noticed an ice dragon
 16918 | IceCv    | Received a gift from Okawaru
 17143 | IceCv    | Gained mutation: Your large and strong wings let you fly.
                  | [Gargoyle growth]
 17143 | IceCv    | Reached XP level 14. HP: 66/95 MP: 23/23
 17256 | IceCv    | Noticed a white draconian
 17280 | IceCv    | Killed a white draconian
 17281 | IceCv    | Reached skill level 14 in Fighting
 17382 | IceCv    | Noticed a frost giant
 17386 | IceCv    | Noticed a frost giant
 17431 | IceCv    | Killed a frost giant
 17441 | IceCv    | Killed a frost giant
 17491 | IceCv    | Identified the +5 chain mail of Refuge {Dex+2}
 17693 | D:15     | Received a gift from Okawaru
 18042 | D:15     | Noticed a stone giant
 18051 | D:15     | Noticed a deep elf sorcerer
 18540 | Lair:1   | Entered Level 1 of the Lair of Beasts
 19898 | Lair:2   | Reached skill level 10 in Armour
 20110 | Lair:1   | Reached skill level 15 in Fighting
 20111 | Lair:1   | Received a gift from Okawaru
 20644 | Lair:2   | Reached XP level 15. HP: 97/103 MP: 25/25
 20687 | Lair:2   | Found a staircase to the Swamp.
 21144 | Lair:2   | Found a runed translucent gate.
 21144 | Lair:2   | Found a runed translucent gate.
 21144 | Lair:2   | Found a runed translucent gate.
 21170 | Lair:2   | Received a gift from Okawaru
 21444 | Lair:2   | Noticed pzskc383's ghost (journeyman GrFi)
 21671 | Lair:2   | Killed pzskc383's ghost
 21732 | Lair:2   | Got the ring "Soxy" {Fire MP+9 Int+2}
 21956 | D:12     | You paid a toll of +5 ice dragon scales to enter a treasure
                  | trove
 21957 | Trove    | Entered a treasure trove
 22008 | Trove    | Identified the amulet of Lady Luck {RegenMP Harm}
 22065 | Trove    | Found the ring of the Hare {EV+8}
 22071 | Trove    | Got the Grimoire of the Barrage and Assembling
 22073 | Trove    | Identified the ring "Nerac" {Wiz Str+4}
 22076 | Trove    | Found the +8 orange crystal plate armour {Archmagi, Int+3
                  | Clar}
 22099 | Trove    | Identified the ring "Goda" {rC+ Int+4 SInv}
 22857 | Lair:3   | Reached skill level 5 in Evocations
 22873 | Lair:3   | Identified the +0 plate armour of the Kettle-Drum {Str+6}
                  | (Okawaru gifted it to you on level 3 of the Lair of Beasts)
 22873 | Lair:3   | Received a gift from Okawaru
 22975 | Lair:3   | Found a staircase to the Snake Pit.
 23478 | Lair:4   | Reached skill level 15 in Invocations
 23530 | Lair:4   | Reached skill level 16 in Fighting
 23718 | Lair:4   | Acquired a manual of Invocations
 24328 | Lair:5   | Entered Level 5 of the Lair of Beasts
 24328 | Lair:5   | Noticed Sonja
 24439 | Lair:5   | Killed Sonja
 24677 | Lair:5   | Found a transporter.
 24683 | Lair:5   | Identified the +9 arbalest "Timaf" {flame, rPois Str+7}
 24741 | Lair:5   | Noticed sm0rk's ghost (journeyman HOGl)
 24743 | Lair:5   | Found a transporter.
 24927 | Lair:5   | Noticed Urug
 24941 | Lair:5   | Killed Urug
 25458 | Lair:5   | Reached skill level 17 in Fighting
 25481 | Lair:5   | Reached XP level 16. HP: 105/112 MP: 28/28
 26058 | Lair:5   | Found a staircase to the Slime Pits.
 26540 | Orc:1    | Entered Level 1 of the Orcish Mines
 26765 | Orc:1    | You are sucked into a shaft and drop 1 floor!
 26765 | Orc:2    | Entered Level 2 of the Orcish Mines
 26765 | Orc:2    | Found a one-way gate leading to the halls of Pandemonium.
 26765 | Orc:2    | Found Popsyac's Book Shop.
 26765 | Orc:2    | Found Beigeacs's Antique Armour Boutique.
 26766 | Arena    | Entered the Arena
 26802 | Orc:2    | Paralysed by an orc sorcerer for 3 turns
 27123 | Orc:1    | Identified the +2 battleaxe of Candle {flame, MP+9 Str+4}
                  | (Okawaru gifted it to you on level 1 of the Orcish Mines)
 27123 | Orc:1    | Received a gift from Okawaru
 27258 | Arena    | Entered the Arena
 27797 | Orc:2    | Found a staircase to the Elven Halls.
 27949 | Orc:2    | Noticed Jorgrun
 27950 | Arena    | Entered the Arena
 27963 | Arena    | Killed Jorgrun
 27996 | Orc:2    | Found Reek Rim's General Store.
 28047 | Orc:2    | Found Irueteh's Distillery.
 28291 | Orc:2    | Bought a potion of heal wounds for 70 gold pieces
 28291 | Orc:2    | Bought a potion of cancellation for 112 gold pieces
 28291 | Orc:2    | Bought 2 potions of curing for 84 gold pieces
 28291 | Orc:2    | Bought a potion of resistance for 140 gold pieces
 28512 | Arena    | Entered the Arena
 29331 | Orc:2    | Reached skill level 18 in Fighting
 29643 | Orc:2    | Paralysed by an orc sorcerer for 5 turns
 29655 | Orc:2    | Slain by an orc knight

Illustrated notes

Levels and vault maps discovered:
D:1:      lemuel_arrival_funnel, layout_basic, basic_ecumenical_altar
D:2:      minmay_roachtagon, layout_rooms, basic_altar
D:3:      layout_basic, grunt_temple_overflow_bloody_war,
          mainiacjoe_overflow_catwalk, nicolae_overflow_hidden_temple,
          uniq_robin
D:4:      layout_loops_ring, minmay_temple_entry_butterflies
D:5:      layout_basic, nicolae_shop_gadgets, uniq_sigmund
D:6:      layout_basic, zin_academy, mainiacjoe_overflow_chevrons,
          kennysheep_mini
D:7:      layout_basic, minmay_a_box_with_orc_wizards_in_it, uniq_joseph,
          uniq_duvessa
D:8:      layout_loops_ring, vehumet_altar_wand_db, minmay_misc_feat_plants,
          uniq_gastronok
D:9:      minmay_weird_star, layout_layer_cave, due_lair_maze_entry_diamond,
          kennysheep_generic_room_9
D:10:     layout_rooms, serial_ice, serial_ice_j, serial_ice_c, serial_ice_a,
          serial_ice_e, serial_ice_b, introduction_to_nature_2, uniq_harold
D:11:     layout_irregular_city, minmay_orc_entry_temple_small,
          patterned_corridor, uniq_erolcha
D:12:     layout_gridville, enter_trove_2
D:13:     layout_gridville, erik_vaults_1, kennysheep_nondescript, st_stairs_7,
          nrook_guardian_serpent_double
D:14:     layout_basic
D:15:     grunt_enter_depths_snipers, layout_long_grid,
          hellmonk_bongcloud_opening, portal_ice_cave_entry_pillars_2,
          uniq_roxanne
Lair:1:   layout_cave_pods
Lair:2:   layout_roguey, palyth_hydra_swamp_entry, gammafunk_ghost_icy,
          grunt_forest_large_clearings, lemuel_fruit_tree
Lair:3:   layout_gridlike, dummy_snake_entry, special_room [special_room_bee]
Lair:4:   layout_hall_layers
Lair:5:   evilmike_catoblepas_cave, layout_cave_pods, slime_entry_1,
          gammafunk_ghost_arena, uniq_urug, uniq_sonja
Orc:1:    layout_caves
Orc:2:    pf_orc_diabolical, layout_diamond_mine, mines2_david, uniq_jorgrun

Skill      XL: |  1  2  3  4  5  6  7  8  9 10 11 12 13 14 15 16 |
---------------+-------------------------------------------------+-----
Fighting       | 4 5 6 7 8 10 11 12 13 15 17 18 | 18.0
Maces & Flails | 3 4 5 6 7 8 10 11 12 13 | 13.3
Invocations    | 1 2 3 5 6 8 10 11 13 14 16 17 | 17.1
Armour         | 4 5 6 7 8 10 12 | 12.9
Shields        | 4 5 |  5.9
Dodging        | 3 4 |  4.7
Evocations     | 4 7 9 |  9.3

Action                   |  1- 3 |  4- 6 |  7- 9 | 10-12 | 13-15 | 16-18 || total
-------------------------+-------+-------+-------+-------+-------+-------++-------
Melee: Flail             |   133 |   315 |   385 |   828 |   665 |       ||  2326
       Demon whip        |       |       |       |       |  1233 |   622 ||  1855
Throw: Throwing net      |       |       |       |     1 |       |       ||     1
Invok: Heroism           |       |       |     6 |    10 |    11 |     8 ||    35
       Finesse           |       |       |       |     2 |     3 |     2 ||     7
       Duel              |       |       |       |       |     1 |     4 ||     5
Evoke: Wand              |       |       |       |    22 |     6 |     8 ||    36
  Use: Scroll            |     4 |     7 |     7 |     6 |    14 |    12 ||    50
       Potion            |       |       |     2 |     5 |     4 |     5 ||    16
 Stab: Invisible         |       |       |       |       |       |     2 ||     2
Armor: Scale mail        |   114 |   222 |       |       |       |       ||   336
       Chain mail        |       |    20 |   324 |   634 |   983 |       ||  1961
       Crystal plate arm |       |       |       |       |   422 |   238 ||   660
Dodge: Dodged            |    99 |   183 |   164 |   423 |  1132 |   399 ||  2400
Block: Buckler           |    34 |    82 |   115 |   235 |   593 |   155 ||  1214
